 Dungeon Crawl Stone Soup version 0.18.1-50-g88ac8fd (webtiles) character file.

1161 Nordron the Magician (level 8, -9/41 HPs)
             Began as a Gargoyle Fire Elementalist on Sept 27, 2016.
             Was an Initiate of Vehumet.
             Killed from afar by Nordron's ghost (20 damage)
             ... with a flame tongue
             ... on level 5 of the Dungeon.
             The game lasted 00:32:08 (7026 turns).

Nordron the Magician (Gargoyle Fire Elementalist)   Turns: 7026, Time: 00:32:09

Health: -9/41      AC: 12    Str: 12    XL:     8   Next: 39%
Magic:  5/18       EV: 12    Int: 23    God:    Vehumet [......]
Gold:   289        SH:  0    Dex: 13    Spells: 4 memorised, 7 levels left

rFire  . . .     SeeInvis .     n - +0 dagger (protect)
rCold  . . .     Gourm    .     a - +0 robe
rNeg   + . .     Faith    .     (no shield)
rPois  ∞         Spirit   .     (no helmet)
rElec  +         Dismiss  .     (no cloak)
rCorr  .         Reflect  .     (no gloves)
SustAt .         Harm     .     (no boots)
MR     .....                    (no amulet)
Stlth  ++........               (no ring)
                                h - +3 ring of dexterity

@: brilliant, not resistant to hostile enchantments, unstealthy
A: negative energy resistance 1, electricity resistance, unbreathing,
petrification resistance, rot immunity, AC +5
a: Renounce Religion


You were on level 5 of the Dungeon.
You worshipped Vehumet.
Vehumet was noncommittal.
You were very hungry.

You visited 2 branches of the dungeon, and saw 6 of its levels.

You collected 359 gold pieces.
You spent 70 gold pieces at shops.

Inventory:

Hand Weapons
 n - a +0 dagger of protection (weapon)
 v - a +0 flail
Armour
 a - a +0 robe (worn)
Jewellery
 h - a +3 ring of dexterity (left hand)
Wands
 B - a wand of flame (27/48)
Scrolls
 d - a scroll of remove curse
 e - a scroll of fear {unknown}
 g - 4 scrolls of enchant weapon {unknown}
 o - a scroll of fog {unknown}
 q - a scroll of teleportation {unknown}
 u - 2 scrolls of blinking {unknown}
 w - 3 scrolls of noise {unknown}
 x - a scroll of recharging {unknown}
 y - 3 scrolls of identify
Potions
 i - 3 potions of curing
 k - a potion of brilliance
 m - 2 potions of agility
 p - 2 potions of heal wounds {unknown}
 r - a potion of might {unknown}
 s - a potion of invisibility {unknown}
 t - a potion of flight {unknown}
 z - a potion of degeneration {unknown}
 A - 2 potions of resistance {unknown}
 C - a potion of lignification {unknown}
Books
 b - a book of Flames

   Spells                             Type                      Level
   a - Flame Tongue                   Conjuration/Fire             1
   b - Throw Flame                    Conjuration/Fire             2
   c - Conjure Flame                  Conjuration/Fire             3
   d - Inner Flame                    Hexes/Fire                   3
   e - Sticky Flame                   Conjuration/Fire             4
   f - Fireball                       Conjuration/Fire             5
Comestibles
 c - 3 bread rations
 f - 6 meat rations
 l - 2 beef jerkies
 D - a royal jelly


   Skills:
 - Level 1.5 Dodging
 - Level 2.1 Stealth
 * Level 6.7 Spellcasting
 + Level 5.0 Conjurations
 + Level 5.7 Fire Magic


You had 7 spell levels left.
You knew the following spells:

 Your Spells              Type           Power        Failure   Level  Hunger
a - Flame Tongue          Conj/Fire      #####        1%          1    None
b - Conjure Flame         Conj/Fire      #####...     1%          3    None
c - Sticky Flame          Conj/Fire      #####...     1%          4    ###....
d - Fireball              Conj/Fire      #####.....   3%          5    #####..


Dungeon Overview and Level Annotations

Branches:
Dungeon (5/15)             Temple (1/1) D:5

Altars:
Ashenzari
Cheibriados
Dithmenos
Elyvilon
Fedhas
Kikubaaqudgha
Makhleb
Okawaru
Pakellas
Qazlal
Ru
Sif Muna
Trog
Vehumet
Xom
Yredelemnul
Zin
The Shining One

Shops:
D:4 ?}!(:

Annotations:
D:5 Nordron's ghost, novice GrFE


Innate Abilities, Weirdness & Mutations

You are resistant to torment.
Your stone body is resilient (AC +5).
You are immune to poison.
You resist negative energy.
You are resistant to electric shocks.
You can survive without breathing.
You are immune to petrification.
You are immune to rotting.


Message History

Confirm with . or Enter, or press ? or * to list all spells.
Aiming: Flame Tongue
Press: ? - help, Shift-Dir - straight line, f/p - Nordron's ghost
Aim: Nordron's ghost, wielding a weapon of flaming (heavily damaged)
The flame tongue hits Nordron's ghost.
Nordron's ghost resists.
Nordron's ghost is severely damaged.
Nordron's ghost hits you.
* * * LOW HITPOINT WARNING * * *
Nordron's ghost burns you.
* * * LOW HITPOINT WARNING * * *
Read which item? (? for menu, Esc to quit)
Okay, then.
Read which item? (? for menu, Esc to quit)
Okay, then.
Drink which item? (? for menu, Esc to quit)
It was a potion of brilliance.
You feel clever all of a sudden.
Nordron's ghost points at you and mumbles some strange words.
The flame tongue hits you!
You die...

.# #.............# #......#..# .#
######........####...#..##.## c#
#.......)#.....###.....# W#
#.....###..##..###..##.# §#
#.....# #..###..#..###.# .#
#.....###...##.....##..## .#
##########................. .#
#...# #.W##..[......##.. .# #...#
####@####..._...####( .# #...#
#.....##...(.....##.[
.######(..###....................
....................##.....##....
#######...###...#..###..#..###.##
##### #...#..##..###..##.#
#...#......###.....#
#####....#..#..##### ######.....#


You could see Nordron's ghost.

Vanquished Creatures
  The ghost of tschems the Chopper, an amateur HuBe of Trog (D:4)
  A centaur (D:5)
  Blork the orc (D:5)
  A giant frog (D:4)
  3 scorpions
  A howler monkey (D:5)
  A jelly (D:5)
  2 orc priests
  A hound (D:3)
  An orc wizard (D:4)
  A gnoll shaman (D:4)
  An iguana (D:5)
  5 worker ants
  5 gnolls
  7 adders
  A shadow imp (D:5)
  An ooze (D:1)
  5 worms
  13 dart slugs
  4 giant geckos
  12 orcs
  4 giant cockroaches (D:2)
  4 goblins
  4 hobgoblins
  2 quokkas
  A ball python (D:4)
  3 bats
  A giant gecko zombie (D:5)
  7 giant newts
  A jackal skeleton (D:4)
  4 kobolds
  4 rats
103 creatures vanquished.

Notes
Turn   | Place    | Note
--------------------------------------------------------------
     0 | D:1      | Nordron the Gargoyle Fire Elementalist began the quest for the Orb.
     0 | D:1      | Reached XP level 1. HP: 10/10 MP: 3/3
   126 | D:1      | Reached XP level 2. HP: 11/15 MP: 0/5
  1286 | D:2      | Reached XP level 3. HP: 9/19 MP: 0/7
  1664 | D:2      | Found a shimmering altar of Xom.
  1664 | D:2      | Found a shimmering altar of Xom.
  1666 | D:2      | Reached skill level 3 in Spellcasting
  1671 | D:2      | Found a shimmering altar of Xom.
  1950 | D:2      | Reached XP level 4. HP: 23/24 MP: 3/8
  2544 | D:2      | Learned a level 3 spell: Conjure Flame
  2549 | D:2      | Learned a level 4 spell: Sticky Flame
  2796 | D:3      | Found a sacrificial altar of Ru.
  2803 | D:3      | Found a white marble altar of Elyvilon.
  2803 | D:3      | Found a glowing silver altar of Zin.
  2808 | D:3      | Found a blossoming altar of Fedhas.
  3008 | D:3      | Reached XP level 5. HP: 19/28 MP: 4/10
  3694 | D:4      | Found Baun's Magic Scroll Boutique.
  3701 | D:4      | Reached skill level 4 in Spellcasting
  3723 | D:4      | Bought a scroll of remove curse for 42 gold pieces
  3723 | D:4      | Bought a scroll of identify for 28 gold pieces
  3835 | D:4      | Found Verchu's Gadget Shop.
  3866 | D:4      | Reached XP level 6. HP: 14/32 MP: 4/12
  4529 | D:3      | Learned a level 5 spell: Fireball
  4562 | D:3      | HP: 1/32 [gnoll/spear (2)]
  5007 | D:4      | Noticed tschems's ghost (amateur HuBe)
  5168 | D:4      | Found Rups's Book Boutique.
  5202 | D:4      | Reached skill level 5 in Spellcasting
  5202 | D:4      | Reached XP level 7. HP: 36/36 MP: 8/14
  5217 | D:4      | Found Ciagrodukk's Distillery.
  5355 | D:4      | Found Yngey's Weapon Boutique.
  5485 | D:4      | Killed tschems's ghost
  5485 | D:4      | Reached skill level 5 in Fire Magic
  5750 | D:5      | Entered Level 5 of the Dungeon
  5827 | D:5      | Found a shadowy altar of Dithmenos.
  5827 | D:5      | Noticed Blork the orc
  5845 | D:5      | Killed Blork the orc
  5845 | D:5      | Reached skill level 6 in Spellcasting
  5865 | D:5      | Reached XP level 8. HP: 24/41 MP: 3/17
  6781 | D:5      | Noticed Nordron's ghost (novice GrFE)
  6782 | D:5      | Reached skill level 5 in Conjurations
  6900 | D:5      | Found a staircase to the Ecumenical Temple.
  6906 | Temple   | Entered the Ecumenical Temple
  6951 | Temple   | Became a worshipper of Vehumet
  7026 | D:5      | Killed from afar by Nordron's ghost

Skill      XL: |  1  2  3  4  5  6  7  8 |
---------------+-------------------------+-----
Spellcasting   | 3 4 5 6 |  6.7
Conjurations   | 2 3 4 5 |  5.0
Fire Magic     | 4 5 |  5.7
Dodging        | |  1.5
Stealth        | |  2.1

Action                   |  1- 3 |  4- 6 |  7- 9 || total
-------------------------+-------+-------+-------++-------
Melee: Unarmed           |     3 |       |       ||     3
       Dagger            |    23 |    21 |   137 ||   181
 Cast: Flame Tongue      |    45 |   150 |   108 ||   303
       Conjure Flame     |       |     2 |     2 ||     4
       Sticky Flame      |       |       |     3 ||     3
  Use: Scroll            |       |     2 |     1 ||     3
       Potion            |       |       |     1 ||     1
  Eat: Chunk             |     3 |     6 |     5 ||    14
       Bread ration      |       |     1 |       ||     1
Armor: Robe              |    15 |    35 |    81 ||   131
Dodge: Dodged            |    25 |    58 |    89 ||   172
